 Dungeon Crawl Stone Soup version 0.26-a0-540-g8a0c9464d7 (webtiles) character file.

Game seed: 5076080049189545188

2641 pk666 the Thaumaturge (level 9, -2/45 HPs)
             Began as a Deep Elf Hedge Wizard on Aug 17, 2020.
             Slain by Maggie
             ... wielding a +2 war axe of flaming
              (16 damage)
             ... on level 7 of the Dungeon.
             The game lasted 00:22:52 (9579 turns).

pk666 the Thaumaturge (Deep Elf Hedge Wizard)       Turns: 9579, Time: 00:22:54

Health: -2/45      AC:  4    Str:  7    XL:     9   Next: 35%
Magic:  3/24       EV: 20    Int: 23    God:
Gold:   249        SH:  0    Dex: 14    Spells: 15/26 levels left

rFire    . . .     SeeInvis +   w - +2 dagger (venom)
rCold    . . .     Faith    .   (no shield)
rNeg     . . .     Spirit   .   b - +0 robe
rPois    .         Reflect  .   c - +0 hat
rElec    .         Harm     .   j - scarf {repulsion}
rCorr    .                      (no gloves)
MR       .....                  r - +1 pair of boots
Stlth    ++........             u - amulet of magic regeneration
HPRegen  0.15/turn              g - +4 ring of evasion
MPRegen  0.44/turn              o - ring of see invisible

@: repel missiles
A: no striking features
a: no special abilities


You were on level 7 of the Dungeon.
You visited 1 branch of the dungeon, and saw 7 of its levels.

You collected 249 gold pieces.

Inventory:

Hand Weapons
 w - a +2 dagger of venom (weapon)
Armour
 b - a +0 robe (worn)
 c - a +0 hat (worn)
 j - a scarf of repulsion (worn)
 r - a +1 pair of boots (worn)
Magical Staves
 v - an uncursed staff of poison
Jewellery
 g - a +4 ring of evasion (left hand)
 o - a ring of see invisible (right hand)
 q - an uncursed ring of flight
 u - an amulet of magic regeneration (around neck)
Scrolls
 e - 4 scrolls of magic mapping
 f - 9 scrolls of identify
 n - a scroll of enchant weapon
 s - a scroll of immolation
 t - a scroll of fog {unknown}
Potions
 d - 2 potions of curing
 h - a potion of brilliance {unknown}
 i - 2 potions of heal wounds
 k - a potion of resistance {unknown}
 l - 5 potions of lignification {unknown}
 m - a potion of cancellation {unknown}
 p - a potion of flight {unknown}


   Skills:
 + Level 7.1 Dodging
 - Level 2.4 Stealth
 + Level 9.4 Spellcasting
 + Level 6.9 Conjurations
 - Level 2.0 Summonings
 - Level 2.0 Translocations
 + Level 6.4 Fire Magic
 - Level 2.0 Air Magic
 - Level 2.0 Poison Magic


You had 15 spell levels left.
You knew the following spells:

 Your Spells              Type           Power        Failure   Level
a - Magic Dart            Conj           ####         1%          1
b - Blink                 Tloc           N/A          4%          2
c - Conjure Flame         Conj/Fire      #####...     1%          3
d - Mephitic Cloud        Conj/Pois/Air  ####....     4%          3
e - Call Imp              Summ           ###.....     4%          2

Your spell library contained the following spells:

 Spells                   Type           Power        Failure   Level
 Slow                     Hex            ##......     9%          2
 Haunt                    Necr/Summ      ###.......   100%        7
 Borgnjor's Revivificati  Necr           ##........   100%        8
 Infestation              Necr           ##........   100%        8
 Necromutation            Tmut/Necr      ##........   100%        8
 Death's Door             Necr           ##........   100%        9


Dungeon Overview and Level Annotations

Branches:
Dungeon (7/15)             Temple (0/1) D:7

Altars:
Cheibriados
Elyvilon
Fedhas
Makhleb
Qazlal
Trog

Shops:
D:5 [   D:6 :

Annotations:
D:7 Maggie


Message History

Maggie is almost dead.
Maggie completely misses you.
You aren't carrying any items that you can evoke.
Casting: Magic Dart (safe; 1% risk of failure)
Confirm with . or Enter, or press ? or * to list all spells.
Aiming: Magic Dart (safe; 1% risk of failure)
Press: ? - help, Shift-Dir - straight line, f/p - Maggie
Aim: Maggie, wielding a +2 war axe of flaming and wearing +1 swamp dragon scales (almost dead)
The magic dart hits Maggie but does no damage.
Maggie is almost dead.
Maggie barely misses you.
Casting: Magic Dart (safe; 1% risk of failure)
Confirm with . or Enter, or press ? or * to list all spells.
Aiming: Magic Dart (safe; 1% risk of failure)
Press: ? - help, Shift-Dir - straight line, f/p - Maggie
Aim: Maggie, wielding a +2 war axe of flaming and wearing +1 swamp dragon scales (almost dead)
The magic dart hits Maggie.
Maggie is almost dead.
Maggie hits you with a +2 war axe of flaming!
You die...

..'...>o@o'...#
#c..o..(#...#
#....o..#...#
####(####...#
#.o........#
#(.........#
##(#########
#o##### #o@@).#
#.###.# #.# #.#
#.# #.### #.#
#...# #.# ###.#
#.# #(# ..# #.#
### #.#


You could see Maggie and 2 orcs.

Vanquished Creatures
  Edmund (D:5)
  2 ice beasts
  2 orc warriors (D:7)
  2 sky beasts
  A necrophage (D:6)
  2 ogres
  2 centaurs (D:7)
  4 bullfrogs (D:6)
  2 wyvern skeletons (D:6)
  4 jellies
  A scorpion (D:4)
  2 wights (D:4)
  7 hounds
  7 orc priests
  3 orc wizards
  2 worker ants (D:5)
  2 iguanas
  A hound zombie (D:4)
  A worker ant zombie (D:5)
  4 gnolls (D:3)
  9 adders
  A shadow imp (D:6)
  3 white imps
  An ooze (D:3)
  An adder skeleton (D:4)
  A worm (D:5)
  2 dart slugs
  5 leopard geckos
  22 orcs
  4 ball pythons
  6 bats
  2 giant cockroaches
  5 goblins
  5 hobgoblins
  4 jackals
  9 kobolds
  4 frilled lizards
  3 quokka skeletons
  4 rats
143 creatures vanquished.

Vanquished Creatures (collateral kills)
  A bullfrog (D:7)
  A wight (D:4)
  A hound (D:6)
  An ufetubus (D:6)
  An orc (D:6)
  2 jackals (D:4)
7 creatures vanquished.

Grand Total: 150 creatures vanquished

Notes
Turn   | Place    | Note
-------+----------+-------------------------------------------
     0 | D:1      | pk666 the Deep Elf Hedge Wizard began the quest for the
                  | Orb.
     0 | D:1      | Reached XP level 1. HP: 10/10 MP: 7/7
   137 | D:1      | Reached XP level 2. HP: 15/15 MP: 1/9
   196 | D:1      | Learned a level 2 spell: Blink
   621 | D:1      | Reached skill level 5 in Spellcasting
  1340 | D:2      | Reached XP level 3. HP: 19/19 MP: 6/11
  1345 | D:2      | Learned a level 3 spell: Conjure Flame
  1349 | D:2      | Learned a level 3 spell: Mephitic Cloud
  1352 | D:2      | Learned a level 2 spell: Call Imp
  1895 | D:2      | Found a burning altar of Makhleb.
  1895 | D:2      | Noticed a blizzard demon
  2079 | D:3      | Found a snail-covered altar of Cheibriados.
  2238 | D:3      | Noticed a sky beast
  2631 | D:4      | Reached XP level 4. HP: 20/24 MP: 2/13
  2811 | D:4      | Reached skill level 1 in Fire Magic
  2811 | D:4      | Reached skill level 1 in Air Magic
  2811 | D:4      | Reached skill level 1 in Poison Magic
  2888 | D:4      | Reached XP level 5. HP: 28/28 MP: 0/15
  3995 | D:4      | Reached XP level 6. HP: 32/32 MP: 7/16
  4313 | D:4      | Reached skill level 6 in Spellcasting
  4537 | D:3      | Killed a sky beast
  5237 | D:3      | Reached XP level 7. HP: 34/36 MP: 7/18
  5767 | D:5      | Entered Level 5 of the Dungeon
  6031 | D:5      | Found a white marble altar of Elyvilon.
  6035 | D:5      | Found a bloodstained altar of Trog.
  6036 | D:5      | Noticed Edmund
  6053 | D:5      | Killed Edmund
  6256 | D:5      | Found a blossoming altar of Fedhas.
  6306 | D:5      | Reached skill level 7 in Spellcasting
  6419 | D:5      | Found Pouhys's Armour Shop.
  6506 | D:5      | Noticed a water elemental
  6512 | D:5      | Found a stormy altar of Qazlal.
  6513 | D:5      | Noticed an air elemental
  6513 | D:5      | Noticed a fire elemental
  6844 | D:6      | Reached skill level 5 in Conjurations
  6844 | D:6      | Reached XP level 8. HP: 41/41 MP: 12/21
  7131 | D:6      | Reached skill level 5 in Dodging
  7462 | D:6      | Reached skill level 8 in Spellcasting
  7615 | D:6      | Reached skill level 5 in Fire Magic
  7688 | D:6      | HP: 2/41 [wyvern skeleton (14)]
  8281 | D:6      | Found Oreorue's Book Boutique.
  8379 | D:6      | Reached XP level 9. HP: 45/45 MP: 17/23
  8914 | D:7      | Found a staircase to the Ecumenical Temple.
  8938 | D:7      | Reached skill level 9 in Spellcasting
  9508 | D:7      | Noticed Maggie
  9579 | D:7      | Slain by Maggie

Illustrated notes

Levels and vault maps discovered:
D:1:      matt_arrival_los_fun, layout_basic, minivault_4,
          minmay_misc_feat_ornament
D:2:      layout_basic, makhleb_altar_promises_db
D:3:      layout_loops_corners, cheibriados_altar_1
D:4:      layout_loops_corners
D:5:      layout_gridville, grunt_temple_overflow_open, serial_shops,
          kennysheep_mini_moat, nicolae_qazlal_style_of_elements, uniq_edmund
D:6:      layout_gridville, serial_shops, kennysheep_little_box
D:7:      layout_basic, temple_green, serial_shops, nicolae_shop_waterfront,
          uniq_crazy_yiuf_cottage, uniq_maggie

Skill      XL: |  1  2  3  4  5  6  7  8  9 |
---------------+----------------------------+-----
Conjurations   | 2 3 5 6 |  6.9
Spellcasting   | 5 6 7 8 9 |  9.4
Summonings     | 2 |  2.0
Translocations | 2 |  2.0
Fire Magic     | 1 2 3 4 5 6 |  6.4
Air Magic      | 1 2 |  2.0
Poison Magic   | 1 2 |  2.0
Dodging        | 3 4 6 7 |  7.1
Stealth        | |  2.4

Action                   |  1- 3 |  4- 6 |  7- 9 || total
-------------------------+-------+-------+-------++-------
Melee: Dagger            |       |    10 |     2 ||    12
 Cast: Magic Dart        |    92 |   121 |   323 ||   536
       Conjure Flame     |       |    14 |    24 ||    38
       Call Imp          |       |    10 |    17 ||    27
       Mephitic Cloud    |       |     3 |    23 ||    26
       Blink             |       |     1 |    13 ||    14
  Use: Scroll            |     4 |     3 |     4 ||    11
       Potion            |       |       |     3 ||     3
Armor: Robe              |     5 |     6 |    11 ||    22
Dodge: Dodged            |    22 |    30 |   107 ||   159

Table legend: (Time is in decaauts)
 A = Elapsed time spent in this place.
 B = Non-inter-level travel time spent in this place.
 C = Inter-level travel time spent in this place.
 D = Time resting spent in this place.
 E = Time spent auto-exploring this place.
 F = Levels seen in this place.
 G = Mean time per level.
                   A        B        C        D        E       F      G
               +--------+--------+--------+--------+--------+-----+--------+
         Total |   9582 |   9177 |    405 |   3233 |   4459 |   7 | 1368.9 |
       Dungeon |   9582 |   9177 |    405 |   3233 |   4459 |   7 | 1368.9 |
               +--------+--------+--------+--------+--------+-----+--------+

Top non-repeatable levels by time:
     D:6: 1997 daAuts
     D:3: 1827 daAuts
     D:4: 1486 daAuts
     D:5: 1318 daAuts
     D:2: 1264 daAuts
     D:1: 1192 daAuts
     D:7: 496 daAuts
